 Dungeon Crawl Stone Soup version 0.27.0-1-g7a089689b8 (webtiles) character file.

Game seed: 16229423098618793007

805 SkeletonJelly the Slasher (level 8, -1/58 HPs)
             Began as a Human Monk on Aug 15, 2021.
             Was an Elder of Lugonu.
             Slain by a mummy (11 damage)
             ... in an ossuary.
             The game lasted 00:15:39 (5649 turns).

SkeletonJelly the Slasher (Human Monk)              Turns: 5649, Time: 00:15:39

Health: -1/58      AC:  5    Str: 11    XL:     8   Next: 14%
Magic:  11/11      EV: 11    Int: 12    God:    Lugonu [****..]
Gold:   193        SH:  0    Dex: 17    Spells: 7/7 levels left

rFire    . . .     SeeInvis .   q - +0 long sword
rCold    . . .     Faith    .   (no shield)
rNeg     . . .     Spirit   .   d - +0 ring mail
rPois    .         Reflect  .   (no helmet)
rElec    .         Harm     .   (no cloak)
rCorr    .         Rampage  .   (no gloves)
Will     .....                  (no boots)
Stlth    +.........             j - amulet of the acrobat
HPRegen  0.19/turn              (no ring)
MPRegen  0.12/turn              (no ring)

@: no status effects
A: no striking features
a: Renounce Religion, Depart the Abyss, Bend Space, Banish, Corrupt


You were in an ossuary.
You worshipped Lugonu.
Lugonu was greatly pleased with you.
You visited 1 branch of the dungeon, and saw 5 of its levels.
You also visited: Ossuary.

You collected 193 gold pieces.

Inventory:

Hand Weapons
 a - a +0 falchion
 i - a +1 dagger of venom
 q - a +0 long sword (weapon)
Missiles
 k - 40 poisoned darts (quivered)
Armour
 b - a +0 robe
 d - a +0 ring mail (worn)
 h - a +0 pair of boots
Jewellery
 j - an amulet of the acrobat (around neck)
 o - an amulet of guardian spirit
Scrolls
 c - a scroll of fear {unknown}
 g - a scroll of summoning {unknown}
 l - a scroll of amnesia {unknown}
 m - 3 scrolls of identify {unknown}
 p - a scroll of immolation {unknown}
 u - a scroll of fog {unknown}
 v - a scroll of torment {unknown}
 w - a scroll of teleportation {unknown}
Potions
 e - 2 potions of degeneration {unknown}
 f - 2 potions of brilliance
 n - a potion of might {unknown}
 r - a potion of cancellation {unknown}
 s - a potion of flight {unknown}
 t - a potion of curing


   Skills:
 - Level 3.0 Fighting
 * Level 7.7 Long Blades
 - Level 3.0 Dodging
 - Level 2.0 Stealth
 + Level 5.0 Invocations


You had 7 spell levels left.
You didn't know any spells.
Your spell library was empty.

Dungeon Overview and Level Annotations

Branches:
Dungeon (5/15)            Ossuary (1/1)
 Temple: D:4-7

Altars:
Kikubaaqudgha
Lugonu

Shops:
D:3 (

Annotations:
Abyss:1 Grinder


Message History

The hobgoblin zombie is almost destroyed.
The adder zombie closely misses you.
You hit the hobgoblin zombie but do no damage.
The hobgoblin zombie is almost destroyed.
The adder zombie closely misses you.
The hobgoblin zombie hits you but does no damage.
The adder zombie barely misses you.
You riposte.
You hit the adder zombie.
The adder zombie is severely damaged.
You hit the hobgoblin zombie.
You destroy the hobgoblin zombie!
Lugonu accepts your kill. The adder zombie barely misses you.
You hit the adder zombie.
The adder zombie is almost destroyed.
The adder zombie bites you.
You closely miss the adder zombie.
The adder zombie is almost destroyed.
The adder zombie closely misses you.
You hit the adder zombie.
You destroy the adder zombie!
Lugonu accepts your kill.
No target in view!
No target in view!
No target in view!
No target in view!
No target in view!
No target in view!
No target in view!
No target in view!
No target in view!
No target in view!
No target in view!
No target in view!
No target in view!
No target in view!
No target in view!
No target in view!
No target in view!
No target in view!
No target in view!
No target in view!
You open the door.
There is an open door here.
You open the door. 2 mummies come into view.
Found a gate leading back out of this place.
There are monsters nearby!
There are monsters nearby!
There are monsters nearby!
There are monsters nearby!
There is an open door here.
The helpless mummy fails to defend itself.
You hit the mummy.
The mummy is lightly damaged.
The mummy hits you!
You hit the mummy.
The mummy is moderately damaged.
The mummy hits you!
You hit the mummy.
The mummy is heavily damaged.
You hit the mummy but do no damage.
The mummy is heavily damaged.
The mummy hits you! x2
* * * LOW HITPOINT WARNING * * *
You are too injured to fight recklessly!
You are too injured to fight recklessly!
You are too injured to fight recklessly!
You are too injured to fight recklessly!
You are too injured to fight recklessly!
You are too injured to fight recklessly!
You are too injured to fight recklessly!
You are too injured to fight recklessly!
You are too injured to fight recklessly!
You are too injured to fight recklessly!
You are too injured to fight recklessly!
You are too injured to fight recklessly!
You are too injured to fight recklessly!
You are too injured to fight recklessly!
You are too injured to fight recklessly!
You are too injured to fight recklessly!
You are too injured to fight recklessly!
You are too injured to fight recklessly!
You are too injured to fight recklessly!
You are too injured to fight recklessly!
You are too injured to fight recklessly!
You are too injured to fight recklessly!
You are too injured to fight recklessly!
You are too injured to fight recklessly!
You are too injured to fight recklessly!
You are too injured to fight recklessly!
You are too injured to fight recklessly!
You are too injured to fight recklessly!
Press: ? - help, Shift-Dir - straight line, f - mummy
Aim: a mummy (chance to affect: 83%)
You fail to use your ability.
The mummy hits you.
* * * LOW HITPOINT WARNING * * *
Press: ? - help, Shift-Dir - straight line, f/p - mummy
Aim: a mummy (chance to affect: 83%)
You fail to use your ability.
The mummy hits you!
You die...

#...# #... #...# #...
#...# #... #...# #...
#'### ###' #...# #...
#...####### #####...
#...#...#!?!!#...#...
#...@M∩.+!$(!#.∩.'...
#...#M..#!!!!#...#..∩
########### ########


You could see 2 mummies.

Vanquished Creatures
  A sky beast (D:4)
  2 water moccasin zombies (Ossuary)
  A water moccasin skeleton (D:3)
  2 hounds
  An orc wizard (D:2)
  A hound skeleton (D:4)
  A mummy (D:5)
  6 adders
  6 adder zombies (Ossuary)
  A worm (D:4)
  5 dart slugs
  An orc (D:2)
  3 bats
  8 endoplasms
  11 giant cockroaches
  3 gnoll zombies (Ossuary)
  6 goblins
  5 hobgoblins
  5 quokkas
  5 ball pythons
  10 frilled lizards
  9 hobgoblin zombies (Ossuary)
  6 kobolds
  3 kobold zombies (Ossuary)
  3 orc zombies (Ossuary)
  2 rats
  A spectral kobold (D:1)
108 creatures vanquished.

Vanquished Creatures (others)
  5 plants (D:1)
5 creatures vanquished.

Grand Total: 113 creatures vanquished

Notes
Turn   | Place    | Note
-------+----------+-------------------------------------------
     0 | D:1      | SkeletonJelly the Human Monk began the quest for the Orb.
     0 | D:1      | Reached XP level 1. HP: 18/18 MP: 1/1
   256 | D:1      | Reached XP level 2. HP: 23/24 MP: 2/2
   256 | D:1      | Found a faded altar of an unknown god.
   271 | D:1      | Became a worshipper of Lugonu the Unformed
   271 | D:1      | Reached * piety under Lugonu
   271 | D:1      | Reached ** piety under Lugonu
   271 | D:1      | Reached *** piety under Lugonu
   645 | D:1      | Reached XP level 3. HP: 29/29 MP: 3/3
   999 | D:1      | Reached skill level 4 in Long Blades
   999 | D:1      | Reached skill level 1 in Invocations
  1528 | D:2      | Reached **** piety under Lugonu
  1646 | D:2      | Reached XP level 4. HP: 25/35 MP: 3/5
  2378 | D:2      | Reached XP level 5. HP: 9/41 MP: 1/6
  2385 | D:2      | Reached skill level 5 in Long Blades
  3058 | D:3      | Found an ancient bone altar of Kikubaaqudgha.
  3314 | D:3      | Reached XP level 6. HP: 18/47 MP: 8/8
  3539 | D:3      | Found Iposac's Antique Weapon Boutique.
  4445 | D:4      | Noticed a sky beast
  4465 | D:4      | Killed a sky beast
  4466 | D:4      | Reached skill level 6 in Long Blades
  4746 | D:4      | Reached XP level 7. HP: 52/52 MP: 9/9
  4761 | D:4      | Noticed Grinder
  4770 | D:4      | Banished Grinder
  4771 | D:4      | Reached skill level 7 in Long Blades
  5077 | D:5      | Entered Level 5 of the Dungeon
  5086 | D:5      | Found a sand-covered staircase.
  5097 | Ossuary  | Entered an ossuary
  5292 | Ossuary  | Reached XP level 8. HP: 17/58 MP: 3/11
  5528 | Ossuary  | Reached skill level 5 in Invocations
  5649 | Ossuary  | Slain by a mummy

Illustrated notes

Levels and vault maps discovered:
D:1:      ncdulo_wetmaze, layout_basic,
          dreamdust_ecumenical_altar_drowned_temple, minmay_lizard_king
D:2:      minmay_roachtagon, layout_basic, minmay_tromino_mix6
D:3:      layout_basic, nicolae_kikubaaqudgha_miasma_corner, serial_shops,
          nicolae_shop_temple_entry_statues_fountains
D:4:      layout_basic, uniq_grinder
D:5:      layout_basic, trog_wizard, serial_shops, nicolae_shop_waterfront,
          gup_ossuary_entry_pyramid, st_stairs_14, minivault_1,
          doesnt_shop_hydraphobe
Ossuary:  ossuary_tomb_2

Skill      XL: |  1  2  3  4  5  6  7  8 |
---------------+-------------------------+-----
Long Blades    | 4 5 6 7 |  7.7
Invocations    | 1 2 3 4 5 |  5.0
Fighting       | |  3.0
Dodging        | |  3.0
Stealth        | |  2.0

Action                   |  1- 3 |  4- 6 |  7- 9 || total
-------------------------+-------+-------+-------++-------
Melee: Falchion          |    89 |   168 |       ||   257
       Long sword        |       |    36 |   125 ||   161
Throw: Dart              |     5 |    13 |       ||    18
Invok: Banish            |       |     1 |     3 ||     4
       Bend Space        |       |     3 |       ||     3
  Use: Potion            |       |     3 |       ||     3
 Stab: Sleeping          |     6 |     1 |     1 ||     8
Armor: Robe              |     4 |       |       ||     4
       Ring mail         |    14 |    76 |    47 ||   137
Dodge: Dodged            |    69 |   117 |    89 ||   275
       Rpst.: Falchion   |    15 |    34 |       ||    49
       Long sword        |       |     6 |    27 ||    33
